 Dungeon Crawl Stone Soup version 0.30.1-11-g7821555f0a (webtiles) character file.

Game seed: 13273595425707292031

1717 SacredBeard the Reanimator (level 8, -11/54 (59) HPs)
             Began as a Demonspawn Necromancer on Nov 27, 2023.
             Mangled by a wight
             ... wielding a +3 morningstar of freezing
              (14 damage)
             ... on level 5 of the Dungeon.
             The game lasted 00:15:18 (7216 turns).

SacredBeard the Reanimator (Demonspawn Necromancer) Turns: 7216, Time: 00:15:19

HP:   -11/54 (59)   AC: 12    Str:  9    XL:     8   Next: 74%
MP:   13/13         EV: 12    Int: 19    God:
Gold: 395           SH:  4    Dex: 13    Spells: 9/14 levels left

rFire   . . .        H - +4 short sword (venom)
rCold   . . .        (no shield)
rNeg    . . .        a - +0 robe
rPois   .            s - +1 hat
rElec   .            f - +0 cloak
rCorr   .            (no gloves)
SInv    +            v - +2 pair of boots
Will    .....        (no amulet)
Stlth   ++           i - +4 ring of protection
HPRegen 0.29/turn    E - ring of see invisible
MPRegen 0.13/turn

%: no passive effects
@: drained
A: rugged brown scales 1, foul stench 2, condensation shield
a: no special abilities


You were on level 5 of the Dungeon.
You visited 2 branches of the dungeon, and saw 8 of its levels.
You also visited: Ossuary.

You collected 395 gold pieces.

Inventory:

Hand Weapons
 H - a +4 short sword of venom (weapon)
Missiles
 g - 20 stones
 x - 7 poisoned darts
Armour
 a - a +0 robe (worn)
 f - a +0 cloak (worn)
 s - a +1 hat (worn)
 v - a +2 pair of boots (worn)
Jewellery
 i - a +4 ring of protection (left hand)
 E - a ring of see invisible (right hand)
Wands
 n - a wand of polymorph (2)
 r - a wand of quicksilver (12)
 I - a wand of flame (17)
Scrolls
 c - 5 scrolls of fog {unknown}
 d - 2 scrolls of poison {unknown}
 e - 3 scrolls of teleportation {unknown}
 h - 3 scrolls of magic mapping {unknown}
 k - 2 scrolls of blinking {unknown}
 l - 3 scrolls of amnesia {unknown}
 m - 6 scrolls of immolation {unknown}
 p - a scroll of enchant weapon {unknown}
 q - 4 scrolls of summoning {unknown}
 t - 2 scrolls of enchant armour {unknown}
 y - 2 scrolls of noise {unknown}
 B - a scroll of vulnerability {unknown}
 C - 6 scrolls of identify {unknown}
Potions
 b - a potion of magic
 j - a potion of brilliance {unknown}
 o - a potion of invisibility {unknown}
 u - a potion of resistance {unknown}
 w - 3 potions of flight {unknown}
 z - 5 potions of curing {unknown}
 A - a potion of might {unknown}
 D - 4 potions of attraction {unknown}
 F - a potion of heal wounds {unknown}
 G - a potion of cancellation {unknown}


   Skills:
 - Level 3.0 Fighting
 - Level 2.0 Throwing
 - Level 2.0 Armour
 - Level 2.0 Dodging
 - Level 3.0 Stealth
 + Level 3.5 Spellcasting
 * Level 8.7 Necromancy
 - Level 6.0 Evocations


You had 9 spell levels left.
You knew the following spells:

 Your Spells              Type           Power      Damage    Failure   Level
a - Necrotise             Necr           100%       1d9       1%          1
b - Animate Dead          Necr           36%        N/A       4%          4

Your spell library contained the following spells:

 Spells                   Type           Power      Damage    Failure   Level
 Vampiric Draining        Necr           36%        2d8       1%          3
 Agony                    Necr           36%        N/A       11%         5
 Apportation              Tloc           6%         N/A       14%         1
 Freeze                   Ice            12%        1d3       14%         1
 Anguish                  Hex/Necr       9%         N/A       24%         4
 Cause Fear               Hex            1%         N/A       82%         4
 Alistair's Intoxication  Tmut/Pois      2%         N/A       99%         5
 Enfeeble                 Hex            1%         N/A       100%        7
 Borgnjor's Revivificati  Necr           18%        N/A       100%        8
 Necromutation            Tmut/Necr      9%         N/A       100%        8
 Death's Door             Necr           18%        N/A       100%        9


Dungeon Overview and Level Annotations

Branches:
Dungeon (7/15) Zot: 26961  Temple (1/1) D:4 Zot: 5768 Ossuary (visited)

Altars:
Ashenzari
Cheibriados
Dithmenos
Fedhas
Gozag
Hepliaklqana
Kikubaaqudgha
Makhleb
Nemelex Xobeh
Okawaru
Qazlal
Ru
Sif Muna
Trog
Uskayaw
Vehumet
Wu Jian
Xom
Yredelemnul

Shops:
D:6 [


Innate Abilities, Weirdness & Mutations

You are partially covered in rugged brown scales. (AC +1, +3% HP)
You sometimes emit foul miasma when damaged in melee.
A meltable shield of frost defends you. (SH +4)


Message History

The wight is moderately damaged.
The wight closely misses you.
You closely miss the wight.
The wight is moderately damaged.
The wight barely misses you.
You hit the wight.
The wight is moderately damaged.
The wight hits you with a +3 morningstar of freezing!
You feel drained. The wight freezes you.
You hit the wight.
The wight is severely damaged.
The wight closely misses you.
You closely miss the wight.
The wight is severely damaged.
The wight hits you with a +3 morningstar of freezing.
You feel drained. The wight freezes you.
You emit a cloud of foul miasma!
You hit the wight.
The wight is almost destroyed.
The wight barely misses you.
You hit the wight but do no damage.
The wight is almost destroyed.
The wight hits you with a +3 morningstar of freezing!
* * * LOW HITPOINT WARNING * * *
The wight freezes you.
* * * LOW HITPOINT WARNING * * *
You barely miss the wight.
The wight is almost destroyed.
The wight hits you with a +3 morningstar of freezing!
* * * LOW HITPOINT WARNING * * *
You feel drained.
* * * LOW HITPOINT WARNING * * *
The wight freezes you.
* * * LOW HITPOINT WARNING * * *
You closely miss the wight.
The wight is almost destroyed.
You block the wight's attack.
You closely miss the wight.
The wight is almost destroyed.
The wight hits you with a +3 morningstar of freezing!
You die...

#...#.#### #####
#...#....# ....#
#.....##.#
....#####.#....#.#
................>#
....#######..#...#
##### #......#
#####...<#z#
#.....##.#@###
#.#...##.#...#
#######.#..###.#.#.#
...#....#......#...#
...#.######.##.#...#
...#.)............##
...#.#####.......####
########............#
.##..<##.#........#.#


You could see a wight.

Vanquished Creatures
  Eustachio (D:6)
  A steam dragon (D:6)
  2 water moccasins
  A black bear (D:5)
  An ogre (D:5)
  2 phantoms (D:5)
  Blork the orc (D:5)
  A kobold brigand (D:6)
  3 elf zombies (Ossuary)
  A wight (D:5)
  2 hounds
  A human zombie (Ossuary)
  Terence (D:2)
  3 iguanas
  2 hound zombies (Ossuary)
  3 mummies (Ossuary)
  8 gnolls
  5 adders
  An ufetubus (D:5)
  2 adder zombies (Ossuary)
  3 worms
  3 dart slugs
  3 orcs
  2 endoplasms (D:2)
  3 giant cockroaches
  6 goblins
  6 hobgoblins
  3 ball pythons
  14 bats
  A frilled lizard (D:1)
  2 gnoll zombies (Ossuary)
  4 goblin zombies (Ossuary)
  6 hobgoblin zombies (Ossuary)
  3 jackal zombies (Ossuary)
  8 kobolds
  A kobold zombie (Ossuary)
  2 orc zombies (Ossuary)
  5 quokka zombies (Ossuary)
  A rat (D:1)
  A rat zombie (Ossuary)
119 creatures vanquished.

Vanquished Creatures (collateral kills)
  A sleepcap (D:6)
  An iguana (D:5)
  3 bats
5 creatures vanquished.

Grand Total: 124 creatures vanquished

Notes
Turn   | Place    | Note
-------+----------+-------------------------------------------
     0 | D:1      | SacredBeard the Demonspawn Necromancer began the quest for
                  | the Orb.
     0 | D:1      | Reached XP level 1. HP: 13/13 MP: 3/3
   247 | D:1      | Gained mutation: You may rarely emit foul miasma when
                  | damaged in melee. [demonic ancestry]
   247 | D:1      | Reached XP level 2. HP: 19/19 MP: 1/5
   710 | D:2      | Reached XP level 3. HP: 25/25 MP: 2/6
   997 | D:2      | Reached skill level 1 in Armour
  1443 | D:2      | Noticed Terence
  1455 | D:2      | Killed Terence
  1456 | D:2      | Reached skill level 1 in Fighting
  1456 | D:2      | Reached skill level 5 in Necromancy
  1456 | D:2      | Gained mutation: You sometimes emit foul miasma when
                  | damaged in melee. [demonic ancestry]
  1456 | D:2      | Reached XP level 4. HP: 13/32 MP: 1/7
  1720 | D:3      | Reached skill level 1 in Evocations
  1726 | D:3      | Reached skill level 1 in Throwing
  1800 | D:3      | Found a broken altar of Ashenzari.
  2115 | D:3      | Found a snail-covered altar of Cheibriados.
  2199 | D:3      | Found a faded altar of an unknown god.
  2209 | D:3      | Got Plato's Dissertation on Refrigeration
  2630 | D:3      | Found an ornate altar of the Wu Jian Council.
  2639 | D:3      | Found a burning altar of Makhleb.
  3059 | D:4      | Found a sand-covered staircase.
  3077 | D:4      | Reached XP level 5. HP: 37/37 MP: 1/8
  3080 | Ossuary  | Entered an ossuary
  3696 | Ossuary  | Gained mutation: You are partially covered in rugged brown
                  | scales. (AC +1, +3% HP) [demonic ancestry]
  3696 | Ossuary  | Reached XP level 6. HP: 33/45 MP: 9/9
  3904 | Ossuary  | Reached skill level 6 in Necromancy
  4522 | D:4      | Found a staircase to the Ecumenical Temple.
  4808 | Temple   | Entered the Ecumenical Temple
  5049 | D:5      | Entered Level 5 of the Dungeon
  5057 | D:5      | Reached XP level 7. HP: 45/52 MP: 3/10
  5264 | D:5      | Reached skill level 7 in Necromancy
  5548 | D:5      | Noticed Blork the orc
  5561 | D:5      | Killed Blork the orc
  5829 | D:5      | Reached skill level 5 in Evocations
  5829 | D:5      | Gained mutation: A meltable shield of frost defends you.
                  | (SH +4) [demonic ancestry]
  5829 | D:5      | Reached XP level 8. HP: 30/59 MP: 11/11
  6170 | D:5      | Learned a level 4 spell: Animate Dead
  6312 | D:6      | Noticed Eustachio
  6323 | D:6      | Killed Eustachio
  6519 | D:6      | Reached skill level 8 in Necromancy
  6742 | D:6      | Found Maguco's Antique Armour Shoppe.
  6969 | D:6      | Found a hide-covered altar of Uskayaw.
  7214 | D:5      | HP: 2/54 [wight/+3 morningstar of freezing (1)]
  7216 | D:5      | Mangled by a wight

Illustrated notes

Levels and vault maps discovered:
D:1:      saegor_arrival_miasma, layout_basic
D:2:      layout_loops_ring, uniq_terence
D:3:      layout_basic, mainiacjoe_overflow_alcove_1, mainiacjoe_overflow_swirl,
          mainiacjoe_overflow_brackets, shapermc_ecumenical_altar_rom_forum
D:4:      layout_basic, minmay_temple_entry_statues_pillars, enter_ossuary_3
D:5:      layout_basic, uniq_blork_the_orc
D:6:      layout_rooms, nicolae_uskayaw_suspiria, serial_shops, shop,
          hangedman_glass_teeth, roderic_batcave, uniq_eustachio
D:7:      gammafunk_beogh_shrine, layout_cave_pools, minmay_misc_feat_ornament,
          skrybe_limestone_x, uniq_pikel, uniq_prince_ribbit1, uniq_joseph
Temple:   minmay_temple_bridge_d

Skill      XL: |  1  2  3  4  5  6  7  8 |
---------------+-------------------------+-----
Stealth        | 2 3 |  3.0
Dodging        | 2 |  2.0
Armour         | 1 2 |  2.0
Fighting       | 1 2 3 |  3.0
Necromancy     | 5 6 7 8 |  8.7
Evocations     | 1 2 5 6 |  6.0
Throwing       | 1 2 |  2.0
Spellcasting   | 3 |  3.5

Action                     |  1- 3 |  4- 6 |  7- 9 || total
---------------------------+-------+-------+-------++-------
  Melee: Dagger            |    13 |       |       ||    13
         Short sword       |     6 |   452 |    96 ||   554
         Punch             |       |     9 |     3 ||    12
  Throw: Stone             |       |    10 |    15 ||    25
         Dart              |       |       |     1 ||     1
   Cast: Necrotise         |    54 |    58 |   116 ||   228
   Stab: Sleeping          |       |     1 |       ||     1
 Armour: Robe              |     8 |   155 |    50 ||   213
  Dodge: Dodged            |    18 |   194 |    91 ||   303
  Block: Other             |       |       |    14 ||    14
